 Dungeon Crawl Stone Soup version 0.27.1-33-g824d729ab1 (webtiles) character file.

Game seed: 13140687434862728500

2625 DearestLeader the Fighter (level 9, -4/74 HPs)
             Began as a Gnoll Wanderer on Nov 26, 2021.
             Slain by a black bear (10 damage)
             ... on level 7 of the Dungeon.
             The game lasted 00:13:19 (7768 turns).

DearestLeader the Fighter (Gnoll Wanderer)          Turns: 7768, Time: 00:13:19

Health: -4/74      AC:  4    Str: 11    XL:     9   Next: 60%
Magic:  24/24      EV: 13    Int: 16    God:
Gold:   80         SH:  0    Dex: 18    Spells: 10/16 levels left

rFire    . . .     SeeInvis .   C - +3 dagger (venom)
rCold    . . .     Faith    .   (no shield)
rNeg     + . .     Spirit   .   D - +0 leather armour
rPois    .         Reflect  .   (no helmet)
rElec    .         Harm     .   (no cloak)
rCorr    .         Rampage  .   y - +0 pair of gloves
Will     .....                  (no boots)
Stlth    +++.......             (no amulet)
HPRegen  0.22/turn              w - ring of Vuquhing {rN+ MP+9 Int+3 Dex+4}
MPRegen  0.19/turn              s - +4 ring of slaying

@: no status effects
A: fangs 1, strong nose, distributed training
a: no special abilities


You were on level 7 of the Dungeon.
You visited 1 branch of the dungeon, and saw 7 of its levels.

You collected 200 gold pieces.
You spent 120 gold pieces at shops.

Inventory:

Hand Weapons
 u - a +0 hand crossbow
 C - a +3 dagger of venom (weapon)
Missiles
 f - 7 silver javelins (quivered)
 m - 3 atropa-tipped darts
 v - 9 bolts
 E - 2 throwing nets
Armour
 e - a +0 robe
 n - a +0 ring mail
 y - a +0 pair of gloves (worn)
 D - a +0 leather armour (worn)
Jewellery
 i - a ring of fire
 s - a +4 ring of slaying (right hand)
 w - the ring of Vuquhing (left hand) {rN+ MP+9 Int+3 Dex+4}
   (You bought it in a shop on level 1 of the Dungeon)

   [ring of positive energy]

   Int:       It affects your intelligence (+3).
   Dex:       It affects your dexterity (+4).
   rN:        It protects you from negative energy.
   MP:        It affects your magic capacity (+9).
 A - an amulet of faith
Wands
 d - a wand of digging (6)
 F - a wand of iceblast (10)
Scrolls
 a - a scroll of blinking {unknown}
 c - a scroll of fear {unknown}
 q - 3 scrolls of teleportation
 t - a scroll of acquirement {unknown}
 x - a scroll of magic mapping {unknown}
 B - 3 scrolls of identify {unknown}
Potions
 b - 2 potions of heal wounds
 g - a potion of might
 h - 2 potions of curing {unknown}
 j - a potion of brilliance {unknown}
 k - 3 potions of degeneration {unknown}
 l - a potion of attraction {unknown}
 o - a potion of invisibility {unknown}
 p - 2 potions of magic {unknown}
 r - 2 potions of flight {unknown}
 z - a potion of resistance {unknown}


   Skills:
 + Level 8.0 Fighting
 + Level 5.2 Short Blades
 + Level 4.4 Long Blades
 + Level 4.4 Axes
 + Level 4.4 Maces & Flails
 + Level 4.4 Polearms
 + Level 4.4 Staves
 + Level 4.4 Slings
 + Level 4.4 Bows
 + Level 4.4 Crossbows
 + Level 4.4 Throwing
 + Level 4.4 Armour
 + Level 4.4 Dodging
 + Level 6.1 Stealth
 + Level 4.4 Shields
 + Level 4.4 Unarmed Combat
 + Level 4.4 Spellcasting
 + Level 3.6 Conjurations
 + Level 3.6 Hexes
 + Level 5.3 Summonings
 + Level 3.6 Necromancy
 + Level 4.2 Translocations
 + Level 3.6 Transmutations
 + Level 3.6 Fire Magic
 + Level 3.6 Ice Magic
 + Level 3.6 Air Magic
 + Level 3.6 Earth Magic
 + Level 3.6 Poison Magic
 + Level 4.8 Invocations
 + Level 5.2 Evocations


You had 10 spell levels left.
You knew the following spells:

 Your Spells              Type           Power      Damage    Failure   Level
a - Searing Ray           Conj           30%        3d4       7%          2
b - Fulminant Prism       Conj/Hex       7%         3d7       43%         4

Your spell library contained the following spells:

 Spells                   Type           Power      Damage    Failure   Level
 Magic Dart               Conj           60%        1d6       4%          1
 Ozocubu's Armour         Ice            15%        N/A       14%         3
 Leda's Liquefaction      Hex/Erth       7%         N/A       43%         4
 Bolt of Magma            Conj/Fire/Erth 7%         4d6       78%         5
 Statue Form              Tmut/Erth      10%        N/A       100%        6
 Ozocubu's Refrigeration  Ice            7%         4d6       100%        7


Dungeon Overview and Level Annotations

Branches:
Dungeon (7/15)             Temple (0/1) D:6

Altars:
Elyvilon
Kikubaaqudgha
Makhleb
Trog
Uskayaw
The Shining One

Shops:
D:1 [=*(=

Annotations:
D:6 exclusion: oklob sapling


Innate Abilities, Weirdness & Mutations

You have very sharp teeth.
Your uncanny sense of smell can sniff out nearby items.
Your experience applies equally to all skills.


Message History

You hit the orc warrior.
You kill the orc warrior!
Your Fighting skill increases to level 8!
Things that are here:
a +0 short sword; a +0 plate armour You closely miss the iguana.
The iguana bites you.
* * * LOW HITPOINT WARNING * * *
You hit the iguana.
The iguana is poisoned.
The iguana is lightly wounded.
The iguana closely misses you.
You hit the iguana.
You kill the iguana!
A white imp comes into view.
Unknown command.
The white imp shouts!
You hit the white imp but do no damage. The white imp barely misses you.
Your leather armour prevents you from hitting the white imp.
The white imp barely misses you.
You hit the white imp.
The white imp is heavily wounded.
You puncture the white imp!
You kill the white imp!
You hit the black bear.
The black bear is poisoned.
The black bear is lightly wounded.
Things that are here:
a +0 short sword; a +0 plate armour You puncture the black bear!
The black bear is severely wounded.
The black bear goes berserk!
You barely miss the black bear. Your punch misses the black bear.
The black bear is severely wounded.
The black bear barely misses you. The black bear claws you.
* * * LOW HITPOINT WARNING * * *
The black bear claws you.
* * * LOW HITPOINT WARNING * * *
You hit the black bear.
The black bear looks as sick as possible!
The black bear is almost dead.
The black bear bites you!
You die...

## ##### ##...#########
#####.....†......#######
.†.................÷...#
∆
#####################'.#
# #...Z.....#)# .#
#.#######.#.(.


YY# ##.Zh@..†##..## .... #.#####.# ..# #...# ##.Zh..## ..# #.## ∆ ∆ #.###.# .##
.# ##. .## $# # ∆ ∆ .#. #.# #.# .## You could see a black bear (berserk,
extremely poisoned) and a centaur zombie.

Vanquished Creatures
  4 yaks (D:7)
  Eustachio (D:6)
  A steam dragon (D:6)
  Menkaure (D:5)
  2 orc warriors
  4 ice beasts
  An ogre (D:6)
  A centaur (D:6)
  2 bullfrogs
  4 scorpions
  2 vampire bats (D:6)
  A centaur zombie (D:5)
  2 orc priests (D:7)
  2 jellies
  2 iguanas
  2 orc wizards
  A hound zombie (D:5)
  4 gnolls (D:7)
  7 adders
  A white imp (D:7)
  2 ufetubi
  3 worms
  4 dart slugs
  7 orcs
  2 bat skeletons (D:6)
  4 bat zombies (D:6)
  6 endoplasms
  3 giant cockroaches
  9 goblins
  8 hobgoblins
  12 jackals
  3 quokkas
  5 ball pythons
  4 bats
  4 frilled lizards
  6 kobolds
  6 rats
133 creatures vanquished.

Notes
Turn   | Place    | Note
-------+----------+-------------------------------------------
     0 | D:1      | DearestLeader the Gnoll Wanderer began the quest for the
                  | Orb.
     0 | D:1      | DearestLeader set off with the following items: a +2
                  | dagger, a potion of heal wounds, a potion of lignification,
                  | a +0 short sword, a +0 robe
     0 | D:1      | Reached XP level 1. HP: 23/23 MP: 1/1
     4 | D:1      | Found Fyuminenu's Armour Boutique.
    35 | D:1      | Reached XP level 2. HP: 27/29 MP: 2/2
   100 | D:1      | Found Giuf's Assorted Antiques.
   118 | D:1      | Found Ynakex's Weapon Boutique.
   121 | D:1      | Found a faded altar of an unknown god.
   460 | D:1      | Found Rodoy's Jewellery Emporium.
   470 | D:1      | Reached XP level 3. HP: 32/35 MP: 3/3
   880 | D:1      | Found Unejy's Jewellery Shoppe.
  1126 | D:2      | Reached skill level 1 in Invocations
  1343 | D:2      | Reached skill level 1 in Long Blades
  1343 | D:2      | Reached skill level 1 in Axes
  1343 | D:2      | Reached skill level 1 in Maces & Flails
  1343 | D:2      | Reached skill level 1 in Polearms
  1343 | D:2      | Reached skill level 1 in Staves
  1343 | D:2      | Reached skill level 1 in Slings
  1343 | D:2      | Reached skill level 1 in Bows
  1343 | D:2      | Reached skill level 1 in Crossbows
  1343 | D:2      | Reached skill level 1 in Throwing
  1343 | D:2      | Reached skill level 1 in Armour
  1343 | D:2      | Reached skill level 1 in Dodging
  1343 | D:2      | Reached skill level 1 in Shields
  1343 | D:2      | Reached skill level 1 in Unarmed Combat
  1343 | D:2      | Reached skill level 1 in Spellcasting
  1475 | D:2      | Reached XP level 4. HP: 29/41 MP: 5/5
  2116 | D:3      | Reached skill level 1 in Conjurations
  2116 | D:3      | Reached skill level 1 in Hexes
  2116 | D:3      | Reached skill level 1 in Necromancy
  2116 | D:3      | Reached skill level 1 in Transmutations
  2116 | D:3      | Reached skill level 1 in Fire Magic
  2116 | D:3      | Reached skill level 1 in Ice Magic
  2116 | D:3      | Reached skill level 1 in Air Magic
  2116 | D:3      | Reached skill level 1 in Earth Magic
  2116 | D:3      | Reached skill level 1 in Poison Magic
  2813 | D:3      | Reached XP level 5. HP: 44/47 MP: 6/6
  3274 | D:1      | Bought a clouded granite ring for 120 gold pieces
  3274 | D:1      | Identified the ring of Vuquhing {rN+ MP+9 Int+3 Dex+4} (You
                  | bought it in a shop on level 1 of the Dungeon)
  3553 | D:4      | Found a burning altar of Makhleb.
  3587 | D:4      | Found a white marble altar of Elyvilon.
  3809 | D:5      | Entered Level 5 of the Dungeon
  3825 | D:5      | Learned a level 2 spell: Searing Ray
  3837 | D:5      | Noticed Menkaure
  3844 | D:5      | Killed Menkaure
  3845 | D:5      | Reached XP level 6. HP: 53/53 MP: 8/8
  4813 | D:5      | Reached XP level 7. HP: 31/59 MP: 10/10
  5107 | D:6      | Reached skill level 7 in Fighting
  5222 | D:6      | Found a hide-covered altar of Uskayaw.
  5255 | D:6      | HP: 1/60 [ice beast (5)]
  5257 | D:6      | Reached skill level 5 in Stealth
  5732 | D:6      | Found a bloodstained altar of Trog.
  5739 | D:6      | Reached XP level 8. HP: 66/67 MP: 12/12
  5863 | D:6      | Found a staircase to the Ecumenical Temple.
  5877 | D:6      | Found a glowing golden altar of the Shining One.
  6071 | D:6      | Noticed Eustachio
  6083 | D:6      | Killed Eustachio
  6116 | D:6      | HP: 4/100 [orc warrior (3)]
  6535 | D:6      | Found an ancient bone altar of Kikubaaqudgha.
  6940 | D:6      | Learned a level 4 spell: Fulminant Prism
  7244 | D:7      | Reached skill level 5 in Summonings
  7244 | D:7      | Reached XP level 9. HP: 71/72 MP: 14/14
  7398 | D:7      | Reached skill level 5 in Short Blades
  7398 | D:7      | Reached skill level 5 in Evocations
  7734 | D:7      | Reached skill level 8 in Fighting
  7768 | D:7      | Slain by a black bear

Illustrated notes

Levels and vault maps discovered:
D:1:      ncdulo_lavacross, layout_rooms, serial_shops,
          nicolae_shop_window_shopping, shop_fountains, shop, shop, shop,
          ebering_ecumenical_altar_box
D:2:      layout_rooms
D:3:      layout_basic
D:4:      layout_rooms, mainiacjoe_overflow_large_starburst
D:5:      mumra_celtic_spiral_tile, layout_loops_ring, uniq_menkaure
D:6:      layout_loops_corners, kennysheep_vampire_church, lemuel_tele_altar,
          eat_drink_and_be_merry_uskayaw, tso_metal_star,
          minmay_temple_entry_oklob, grunt_ministairs_9, corexii_checkpoint_a,
          nrook_loot_triangle, st_stairs_3, uniq_eustachio
D:7:      minmay_the_grid_triangle_9x9_recursive_2
          [minmay_the_grid_triangle_9x9_prize_special,
          minmay_the_grid_triangle_9x9_sprig,
          minmay_the_grid_triangle_9x9_flanged_cone,
          minmay_the_grid_triangle_9x9_corruption], layout_cave_pods,
          uniq_harold

Skill      XL: |  1  2  3  4  5  6  7  8  9 |
---------------+----------------------------+-----
Translocations | 2 3 4 |  4.2
Invocations    | 1 2 3 4 |  4.8
Long Blades    | 1 2 3 4 |  4.4
Axes           | 1 2 3 4 |  4.4
Maces & Flails | 1 2 3 4 |  4.4
Polearms       | 1 2 3 4 |  4.4
Staves         | 1 2 3 4 |  4.4
Slings         | 1 2 3 4 |  4.4
Bows           | 1 2 3 4 |  4.4
Crossbows      | 1 2 3 4 |  4.4
Throwing       | 1 2 3 4 |  4.4
Armour         | 1 2 3 4 |  4.4
Dodging        | 1 2 3 4 |  4.4
Shields        | 1 2 3 4 |  4.4
Unarmed Combat | 1 2 3 4 |  4.4
Spellcasting   | 1 2 3 4 |  4.4
Conjurations   | 1 2 3 |  3.6
Hexes          | 1 2 3 |  3.6
Necromancy     | 1 2 3 |  3.6
Transmutations | 1 2 3 |  3.6
Fire Magic     | 1 2 3 |  3.6
Ice Magic      | 1 2 3 |  3.6
Air Magic      | 1 2 3 |  3.6
Earth Magic    | 1 2 3 |  3.6
Poison Magic   | 1 2 3 |  3.6
Short Blades   | 3 4 5 |  5.2
Summonings     | 4 5 |  5.3
Evocations     | 3 4 5 |  5.2
Fighting       | 7 8 |  8.0
Stealth        | 5 6 |  6.1

Action                   |  1- 3 |  4- 6 |  7- 9 || total
-------------------------+-------+-------+-------++-------
Melee: Dagger            |   119 |   181 |   204 ||   504
       Bite              |     7 |    11 |    20 ||    38
       Punch             |       |     1 |     3 ||     4
Throw: Javelin           |    10 |       |     4 ||    14
 Cast: Searing Ray       |       |     1 |       ||     1
  Use: Scroll            |       |     3 |     2 ||     5
       Potion            |       |       |     2 ||     2
 Stab: Sleeping          |     7 |     4 |     6 ||    17
Armor: Robe              |    18 |       |       ||    18
       Ring mail         |       |    67 |    28 ||    95
       Skin              |       |       |    24 ||    24
       Leather armour    |       |       |    11 ||    11
Dodge: Dodged            |    66 |    75 |    92 ||   233
